 Dungeon Crawl Stone Soup version 0.22-a0-161-g198051c (webtiles) character file.

13368 tilp the Grappler (level 11, -8/115 HPs)
             Began as a Troll Monk on Feb 10, 2018.
             Was the Champion of Cheibriados.
             Mangled by a komodo dragon (16 damage)
             ... on level 1 of the Lair of Beasts on Feb 11, 2018.
             The game lasted 00:29:29 (9347 turns).

tilp the Grappler (Troll Monk)                      Turns: 9347, Time: 00:29:30

Health: -8/115     AC:  9    Str: 37    XL:     11   Next: 74%
Magic:  7/14       EV:  1    Int: 22    God:    Cheibriados [******]
Gold:   672        SH:  0    Dex: 28    Spells: 8/14 levels left

rFire    . . .     SeeInvis .     - Unarmed
rCold    . . .     Gourm    +   (no shield)
rNeg     + + +     Faith    .   P - +1 robe {MR+}
rPois    ∞         Spirit   .   (helmet restricted)
rElec    .         Reflect  .   o - +2 cloak
rCorr    .         Harm     .   (gloves unavailable)
MR       +....                  (boots unavailable)
Stlth    ++........             (no amulet)
HPRegen  0.69/turn              (no ring)
MPRegen  0.14/turn              (no ring)

@: petrified, very slow
A: large, unfitting armour, claws 3, fast metabolism 3, gourmand, regeneration
1, shaggy fur 1, tough skin 2
a: Bend Time, Temporal Distortion, Slouch, Step From Time, Renounce Religion


You were on level 1 of the Lair of Beasts.
You worshipped Cheibriados.
Cheibriados was exalted by your worship.
You were completely stuffed.

You visited 4 branches of the dungeon, and saw 14 of its levels.

You collected 727 gold pieces.
You spent 55 gold pieces at shops.

Inventory:

Hand Weapons
 i - the +4 dagger of Atsigam {pain, rF+ Int+2 Dex+4, unknown}
   (You found it on level 1 of the Lair of Beasts)

   In the hands of one skilled in necromantic magic, it inflicts extra damage on
   living creatures.
   It affects your intelligence (+2).
   It affects your dexterity (+4).
   It protects you from fire.
Missiles
 l - 6 steel javelins (quivered)
 r - 4 steel tomahawks
 y - 11 tomahawks
Armour
 n - a +2 robe of cold resistance
 o - a +2 cloak (worn)
 P - a +1 robe of magic resistance (worn)
 Q - a +0 troll leather armour
Magical Staves
 F - an uncursed staff of earth {unknown}
 H - an uncursed staff of death {unknown}
 S - an uncursed staff of wizardry {unknown}
Jewellery
 D - a cursed -3 ring of intelligence {unknown}
 G - an uncursed ring of stealth {unknown}
 O - a cursed ring of resist corrosion {unknown}
Wands
 d - a wand of flame (111)
 t - a wand of paralysis (14)
 x - a wand of digging (28)
 M - a wand of clouds (4)
Scrolls
 a - 8 scrolls of amnesia
 e - a scroll of random uselessness
 g - 2 scrolls of magic mapping
 h - 8 scrolls of remove curse
 j - a scroll of fog {unknown}
 k - 6 scrolls of teleportation
 m - a scroll of blinking {unknown}
 q - 3 scrolls of fear
 B - a scroll of immolation {unknown}
 E - a scroll of summoning {unknown}
 I - a scroll of noise {unknown}
 J - a scroll of acquirement {unknown}
Potions
 c - 5 potions of curing
 p - a potion of resistance {unknown}
 s - a potion of berserk rage {unknown}
 u - 3 potions of degeneration
 v - a potion of flight {unknown}
 z - 3 potions of heal wounds
 A - 2 potions of agility
 K - a potion of might
 L - a potion of haste
Books
 w - a book of Clouds

   Spells                             Type                      Level
   a - Poisonous Vapours              Poison/Air                   2
   b - Mephitic Cloud                 Conjuration/Poison/Air       3
   c - Conjure Flame                  Conjuration/Fire             3
   d - Freezing Cloud                 Conjuration/Ice/Air          6
   e - Ring of Flames                 Charms/Fire                  7
 C - a book of Cantrips

   Spells                             Type                      Level
   a - Confusing Touch                Hexes                        1
   b - Animate Skeleton               Necromancy                   1
   c - Summon Small Mammal            Summoning                    1
   d - Apportation                    Translocation                1
 N - the Guide on Glacial Good Luck
   (You found it on level 1 of the Lair of Beasts)

   Spells                             Type                      Level
   a - Infusion                       Charms                       1
   b - Freeze                         Ice                          1
   c - Ensorcelled Hibernation        Hexes/Ice                    2
   d - Ice Form                       Ice/Transmutation            4
   e - Deflect Missiles               Charms/Air                   6
   f - Freezing Cloud                 Conjuration/Ice/Air          6
Comestibles
 b - 28 rations
 f - 2 chunks of flesh


   Skills:
 + Level 9.6 Fighting
 - Level 4.1 Throwing
 - Level 6.2 Dodging
 - Level 1.0 Stealth
 - Level 10.0 Unarmed Combat
 - Level 2.0 Spellcasting
 - Level 4.0 Conjurations
 - Level 6.0 Invocations


You had 8 spell levels left.
You knew the following spells:

 Your Spells              Type           Power        Failure   Level  Hunger
a - Conjure Flame         Conj/Fire      ##......     19%         3    ###....
b - Mephitic Cloud        Conj/Pois/Air  #.......     24%         3    ###....


Dungeon Overview and Level Annotations

Branches:
Dungeon (11/15)            Temple (1/1) D:5            Lair (1/6) D:8
    Orc (1/2) D:11

Altars:
Ashenzari
Cheibriados
Dithmenos
Elyvilon
Fedhas
Gozag
Hepliaklqana
Kikubaaqudgha
Makhleb
Nemelex Xobeh
Okawaru
Qazlal
Ru
Sif Muna
Trog
Uskayaw
Vehumet
Wu Jian
Xom
Yredelemnul
Zin
The Shining One

Shops:
D:7 !   D:8 *   D:10 [:   D:11 (

Annotations:
D:8 Joseph, Psyche


Innate Abilities, Weirdness & Mutations

You are too large for most types of armour.
You have claws for hands.
Your metabolism is lightning-fast.
You like to eat raw meat.
Your natural rate of healing is unusually fast.
You are covered in fur. (AC +1)
You have very tough skin. (AC +2)


Message History

There is an open door, spattered with blood here.
Unknown command.
Unknown command.
The komodo dragon bites you!!
You have turned to stone.
The komodo dragon bites you!! The basilisk bites you.
* * * LOW HITPOINT WARNING * * *
The komodo dragon completely misses you.
The basilisk bites you but does no damage.
The komodo dragon bites you!
* * * LOW HITPOINT WARNING * * *
The basilisk bites you!
* * * LOW HITPOINT WARNING * * *
The komodo dragon bites you!!
* * * LOW HITPOINT WARNING * * *
The basilisk bites you but does no damage.
The komodo dragon bites you!!
* * * LOW HITPOINT WARNING * * *
The basilisk bites you but does no damage.
The komodo dragon bites you!!
You die...

# # ### ## #####.#####
#........ P#
#.........####.........
#####.........+..#.........
##..'.........#..#........(
+..##.........#..#.........
.####..........#.#........> ##
#.).......##@#......... #
.#####......##ll......... #
.#.8..#....####......... #
......##### ######.##+ # .>.8##
#. ## .... #.## #.#. .## ###
..## ## #.#+#.# #######.# ###
#..#
.###.....###......#####.###.+##


You could see a komodo dragon and a basilisk.

Vanquished Creatures
  Nergalle (Orc:1)
  The ghost of KristoblXynda the Carver, a novice DrGl of Ashenzari (D:8)
  A centaur zombie (D:9)
  3 spiny frogs (Lair:1)
  A komodo dragon (Lair:1)
  2 trolls
  25 yaks
  5 swamp worms (Lair:1)
  5 water moccasins
  Duvessa (D:4)
  4 orc warriors
  4 ice beasts
  An eye of draining (D:9)
  A black bear (D:9)
  A necrophage (D:10)
  7 ogres
  3 wolves (D:8)
  4 centaurs
  4 crocodiles (Lair:1)
  2 big kobolds (D:8)
  4 bullfrogs
  Dowan (D:4)
  A wyvern skeleton (D:9)
  4 scorpions
  10 killer bees
  The ghost of p0werm0de the Chopper, a weakling FoCK of Xom (D:4)
  5 wights (D:11)
  2 electric eels (D:8)
  5 howler monkeys
  7 crimson imps
  2 bullfrog zombies
  A bullfrog skeleton (D:8)
  7 hounds
  7 orc priests
  A jelly (D:5)
  2 iguanas (D:4)
  Jessica (D:3)
  2 centaur skeletons (D:5)
  7 orc wizards
  5 worker ants
  A hound skeleton (D:4)
  2 worker ant zombies
  A howler monkey zombie (D:9)
  5 adders
  3 shadow imps
  2 oozes
  3 adder skeletons
  19 worms
  2 dart slugs
  4 leopard geckos
  31 orcs
  4 bats
  A bat zombie (D:2)
  4 giant cockroaches
  4 goblins
  8 hobgoblins
  3 jackals (D:1)
  13 kobolds
  7 quokkas
  2 frilled lizards
  A jackal skeleton (D:9)
  3 rats
  A rat zombie (D:2)
275 creatures vanquished.

Vanquished Creatures (others)
  2 plants (Lair:1)
2 creatures vanquished.

Grand Total: 277 creatures vanquished

Notes
Turn   | Place    | Note
-------+----------+-------------------------------------------
     0 | D:1      | tilp the Troll Monk began the quest for the Orb.
     0 | D:1      | Reached XP level 1. HP: 22/22 MP: 0/0
   250 | D:1      | Reached XP level 2. HP: 29/29 MP: 1/1
   603 | D:2      | Reached skill level 4 in Unarmed Combat
   758 | D:2      | Found a basalt altar of Yredelemnul.
   801 | D:2      | Reached XP level 3. HP: 27/36 MP: 2/2
   877 | D:2      | Found a faded altar of an unknown god.
   953 | D:2      | Found a snail-covered altar of Cheibriados.
   978 | D:2      | Found a white marble altar of Elyvilon.
  1013 | D:2      | Became a worshipper of Cheibriados the Contemplative
  1013 | D:2      | Reached * piety under Cheibriados
  1013 | D:2      | Reached ** piety under Cheibriados
  1097 | D:2      | Found an ancient bone altar of Kikubaaqudgha.
  1310 | D:2      | Found a burning altar of Makhleb.
  1310 | D:2      | Found a radiant altar of Vehumet.
  1415 | D:3      | Noticed Jessica
  1425 | D:3      | Killed Jessica
  1425 | D:3      | Reached skill level 5 in Unarmed Combat
  1425 | D:3      | Reached XP level 4. HP: 31/44 MP: 3/3
  2075 | D:4      | Reached XP level 5. HP: 33/50 MP: 4/4
  2122 | D:4      | Reached skill level 6 in Unarmed Combat
  2155 | D:4      | Reached *** piety under Cheibriados
  2222 | D:4      | Noticed an ice beast
  2233 | D:4      | Killed an ice beast
  2233 | D:4      | Reached skill level 7 in Unarmed Combat
  2233 | D:4      | Reached XP level 6. HP: 52/59 MP: 5/5
  2279 | D:4      | Noticed p0werm0de's ghost (weakling FoCK)
  2292 | D:4      | Killed p0werm0de's ghost
  2319 | D:4      | Noticed Duvessa
  2329 | D:4      | Killed Duvessa
  2329 | D:4      | Reached skill level 8 in Unarmed Combat
  2332 | D:4      | Noticed Dowan
  2336 | D:4      | Killed Dowan
  2336 | D:4      | Reached XP level 7. HP: 59/66 MP: 6/6
  2363 | D:4      | Found a glowing silver altar of Zin.
  2363 | D:4      | Found a bloodstained altar of Trog.
  2372 | D:4      | Found a blossoming altar of Fedhas.
  2376 | D:4      | Found an iron altar of Okawaru.
  2377 | D:4      | Found a hide-covered altar of Uskayaw.
  2533 | D:5      | Entered Level 5 of the Dungeon
  2731 | D:5      | Reached skill level 5 in Fighting
  2743 | D:5      | Reached XP level 8. HP: 55/80 MP: 7/7
  2747 | D:5      | Reached **** piety under Cheibriados
  2839 | D:5      | Found a staircase to the Ecumenical Temple.
  2847 | Temple   | Entered the Ecumenical Temple
  3836 | D:6      | Reached skill level 5 in Dodging
  4089 | D:6      | Learned a level 3 spell: Conjure Flame
  4093 | D:6      | Learned a level 3 spell: Mephitic Cloud
  4118 | D:7      | Reached XP level 9. HP: 88/89 MP: 8/8
  4129 | D:7      | Reached skill level 1 in Conjurations
  4188 | D:7      | Found Ripniati's Distillery.
  4197 | D:7      | Bought a potion of heal wounds for 55 gold pieces
  4272 | D:7      | Reached ***** piety under Cheibriados
  5070 | D:8      | Noticed Psyche
  5102 | D:8      | Found a hazy altar of Hepliaklqana.
  5124 | D:8      | Reached skill level 1 in Spellcasting
  5134 | D:8      | Noticed KristoblXynda's ghost (novice DrGl)
  5155 | D:8      | Killed KristoblXynda's ghost
  5155 | D:8      | Reached skill level 9 in Unarmed Combat
  5155 | D:8      | Reached XP level 10. HP: 68/98 MP: 12/12
  5221 | D:8      | Found a staircase to the Lair.
  5233 | D:8      | Found Fehy's Demolitions Depot.
  5601 | D:8      | Reached skill level 10 in Unarmed Combat
  5727 | D:8      | Reached skill level 1 in Invocations
  5984 | D:8      | Noticed Joseph
  6288 | D:9      | Found a radiant altar of Vehumet.
  6338 | D:9      | Found a hazy altar of Hepliaklqana.
  6397 | D:9      | Reached skill level 5 in Invocations
  6765 | D:10     | Entered Level 10 of the Dungeon
  6830 | D:10     | Found Foneky's Armour Boutique.
  7160 | D:10     | Found Ysenyf's Book Emporium.
  7204 | D:10     | Reached skill level 1 in Throwing
  7221 | D:10     | Reached ****** piety under Cheibriados
  7554 | D:11     | Found Arphuunly's Antique Weapon Boutique.
  7600 | D:11     | Reached XP level 11. HP: 43/105 MP: 14/14
  7810 | D:11     | Found a staircase to the Orcish Mines.
  8080 | Orc:1    | Entered Level 1 of the Orcish Mines
  8080 | Orc:1    | Noticed Nergalle
  8087 | Orc:1    | Killed Nergalle
  8328 | Lair:1   | Entered Level 1 of the Lair of Beasts
  8523 | Lair:1   | Upgraded the game from 0.22-a0-160-gcc81d7a to 0.22-a0-161-g198051c
  8745 | Lair:1   | Got a scorched dagger
  9157 | Lair:1   | Identified the Guide on Glacial Good Luck
  9347 | Lair:1   | Mangled by a komodo dragon

Vault maps used:
D:1:      minmay_arrival_four_houses
D:2:      kennysheep_ying_yang, amethyst_overflow_temple_binary,
          cheibriados_altar_1, lemuel_zombie_altar_kikubaaqudgha, first_ration,
          chequers_ecumenical_altar_twisty
D:3:      uniq_jessica
D:4:      chequers_temple_overflow_minitemple, uniq_duvessa
D:5:      temple_fountains
D:7:      serial_shops, nicolae_shop_stone, grunt_ogre_cave
D:8:      lemuel_doored_altar, erik_lair_island, nicolae_blasting_shop,
          uniq_joseph, uniq_psyche
D:9:      basic_altar, lemuel_tele_altar
D:10:     serial_shops, shop_statue, nicolae_shop_statue_plus
D:11:     orc_0_dummy, serial_shops, shop
Temple:   compressed_dpeg_circular_temple
Lair:1:   worms_lemuel, grunt_megastairs_1
Orc:1:    uniq_nergalle

Skill      XL: |  1  2  3  4  5  6  7  8  9 10 11 |
---------------+----------------------------------+-----
Unarmed Combat | 4 5 7 8 9 10 | 10.0
Fighting       | 5 6 9 |  9.6
Dodging        | 5 6 |  6.2
Conjurations   | 4 |  4.0
Spellcasting   | 2 |  2.0
Invocations    | 6 |  6.0
Throwing       | 4 |  4.1
Stealth        | |  1.0

Action                   |  1- 3 |  4- 6 |  7- 9 | 10-12 || total
-------------------------+-------+-------+-------+-------++-------
Melee: Unarmed           |    80 |   101 |   193 |   366 ||   740
       Punch             |     1 |     5 |    10 |    28 ||    44
Throw: Stone             |     1 |       |       |       ||     1
       Javelin           |       |     3 |     6 |    29 ||    38
Invok: Step From Time    |       |       |       |     1 ||     1
Evoke: Wand              |       |     2 |       |       ||     2
  Use: Potion            |       |       |     1 |       ||     1
       Scroll            |       |       |       |    10 ||    10
 Stab: Sleeping          |     1 |     2 |     7 |     7 ||    17
       Distracted        |     1 |       |       |     1 ||     2
       Paralysed         |       |     3 |       |       ||     3
  Eat: Chunk             |    17 |     6 |    16 |    30 ||    69
Armor: Robe              |    35 |    37 |    59 |    86 ||   217
Dodge: Dodged            |    48 |    46 |    96 |   231 ||   421

Table legend:
 A = Spawn XP
 B = Non-spawn XP
 C = Spawn XP percentage of total XP
 D = Spawn monster count
 E = Non-spawn monster count
 F = Spawn count percentage of total count
 G = Total turns spent on level
                    A         B        C        D         E        F      G
               +---------+---------+-------+---------+---------+-------+---------
         Total |       0 |   19098 |   0.0 |       0 |     275 |   0.0 |  9347
               +---------+---------+-------+---------+---------+-------+---------
           D:1 |       0 |      24 |   0.0 |       0 |      13 |   0.0 |   576
           D:2 |       0 |      47 |   0.0 |       0 |      16 |   0.0 |   807
           D:3 |       0 |      91 |   0.0 |       0 |      18 |   0.0 |   610
           D:4 |       0 |     718 |   0.0 |       0 |      25 |   0.0 |   540
           D:5 |       0 |     849 |   0.0 |       0 |      21 |   0.0 |   668
           D:6 |       0 |     674 |   0.0 |       0 |      14 |   0.0 |   811
           D:7 |       0 |    1894 |   0.0 |       0 |      29 |   0.0 |   902
           D:8 |       0 |    3107 |   0.0 |       0 |      44 |   0.0 |  1274
           D:9 |       0 |    1743 |   0.0 |       0 |      21 |   0.0 |   636
          D:10 |       0 |     611 |   0.0 |       0 |       8 |   0.0 |   527
          D:11 |       0 |    2083 |   0.0 |       0 |      19 |   0.0 |   818
        Lair:1 |       0 |    6315 |   0.0 |       0 |      45 |   0.0 |  1019
         Orc:1 |       0 |     942 |   0.0 |       0 |       2 |   0.0 |    77
               +---------+---------+-------+---------+---------+-------+---------
